BSA
NASSAU ROCKETS @ POCATELLO BOCCABELLAS
05/24/2028
 
TOP OF THE 1ST
Nassau Rockets batting - Pitching for Pocatello Boccabellas : RHP Martín Ramírez
Pitching: RHP Martín Ramírez
Batting: LHB Don Ramey 0-0: Ball
1-0: Called Strike
1-1: Ball
2-1: SINGLE (Flyball, 78S)
Batting: RHB Salvador Borbón 0-0: Called Strike
0-1: Called Strike
0-2: Foul Ball, location: 2F
0-2: Ball
1-2: SINGLE (Groundball, 4MD)
Don Ramey to second
Batting: SHB Howard Parker 0-0: Ball
1-0: SINGLE (Line Drive, 5S)
Don Ramey to third
Salvador Borbón to second
Batting: LHB Bob Martin 0-0: Swinging Strike
0-1: Foul Ball, location: 2F
0-2: Ball
1-2: Ball
2-2: Fielders Choice at 2nd, 3-6 (Groundball, 3)
Don Ramey scores
Salvador Borbón to third
Batting: LHB Doug Thompson 0-0: Called Strike
0-1: Ball
1-1: Swinging Strike
1-2: Ground out 4-3 (Groundball, 34)
Salvador Borbón scores
Bob Martin to second
Batting: LHB Wilson Allen 0-0: SINGLE (Groundball, 6D)
Bob Martin to third
Runner from 3rd tries for Home, SAFE, no throw
Batting: LHB Shiro Ueno 0-0: DOUBLE (Line Drive, 7D)
Wilson Allen to third
Runner from 3rd tries for Home, SAFE, throw made home
Batting: RHB Paul Bailey 0-0: Ball
1-0: Called Strike
1-1: Foul Ball, location: 2F
1-2: Ground out 5-3 (Groundball, 5)
Top of the 1st over - 4 run(s), 5 hit(s), 0 error(s), 1 left on base; Nassau 4 - Pocatello 0
BOTTOM OF THE 1ST
Pocatello Boccabellas batting - Pitching for Nassau Rockets : LHP Rod Adams
Pitching: LHP Rod Adams
Batting: RHB Tomás Carranza 0-0: Foul Ball, location: 2F
0-1: Swinging Strike
0-2: Foul Ball, location: 2F
0-2: Foul Ball, location: 2F
0-2: Hit by Pitch
Batting: RHB Francisco Sandoval 0-0: Ball
1-0: Called Strike
Tomás Carranza steals 2nd base
1-1: Foul Ball, location: 2F
1-2: Foul Ball, location: 2F
1-2: Strikes out swinging
Batting: RHB Marlon Phipps 0-0: Foul Ball, location: 2F
0-1: Foul Ball, location: 2F
0-2: Ball
1-2: Ball
2-2: Hit by Pitch
Batting: RHB Jeremy Carr 0-0: Called Strike
0-1: Foul Ball, location: 2F
0-2: Strikes out swinging
Batting: RHB Ernesto Acosta 0-0: Called Strike
0-1: Ball
1-1: Called Strike
1-2: Foul Ball, location: 2F
1-2: Ball
2-2: Foul Ball, location: 2F
2-2: Strikes out swinging
Bottom of the 1st over - 0 run(s), 0 hit(s), 0 error(s), 2 left on base; Nassau 4 - Pocatello 0
TOP OF THE 2ND
Nassau Rockets batting - Pitching for Pocatello Boccabellas : RHP Martín Ramírez
Batting: LHB Rafael Delgado 0-0: Swinging Strike
0-1: Ball
1-1: Foul Ball, location: 2F
1-2: Ball
2-2: Strikes out swinging
Batting: LHB Don Ramey 0-0: Ground out 6-3 (Groundball, 56)
Batting: RHB Salvador Borbón 0-0: Ball
1-0: Called Strike
1-1: Swinging Strike
1-2: Ball
2-2: Ball
3-2: Base on Balls
Batting: SHB Howard Parker 0-0: Called Strike
0-1: Foul Ball, location: 2F
0-2: Foul Ball, location: 2F
0-2: Fly out, F9 (Flyball, 89M)
Top of the 2nd over - 0 run(s), 0 hit(s), 0 error(s), 1 left on base; Nassau 4 - Pocatello 0
BOTTOM OF THE 2ND
Pocatello Boccabellas batting - Pitching for Nassau Rockets : LHP Rod Adams
Batting: LHB José Berroa 0-0: SINGLE (Line Drive, 6MD)
Batting: RHB José Delgado 0-0: Ball
1-0: Ball
2-0: Called Strike
2-1: Fly out, F8 (Flyball, 8LXD)
Batting: SHB Nick Cox 0-0: Foul Ball, location: 2F
0-1: Called Strike
0-2: Strikes out swinging
Batting: LHB Jim Jensen 0-0: Foul Ball, location: 2F
0-1: Swinging Strike
0-2: Ground out 4-3 (Groundball, 4S)
Bottom of the 2nd over - 0 run(s), 1 hit(s), 0 error(s), 1 left on base; Nassau 4 - Pocatello 0
TOP OF THE 3RD
Nassau Rockets batting - Pitching for Pocatello Boccabellas : RHP Martín Ramírez
Batting: LHB Bob Martin 0-0: Called Strike
0-1: SINGLE (Flyball, 4MD)
Batting: LHB Doug Thompson 0-0: Ball
1-0: Foul Ball, location: 2F
1-1: Ball
2-1: Foul Ball, location: 2F
2-2: Fly out, F7 (Flyball, 7LMF)
Batting: LHB Wilson Allen 0-0: Foul Ball, location: 2F
0-1: Called Strike
0-2: Foul Ball, location: 2F
0-2: Ball
1-2: Foul Ball, location: 2F
1-2: Ball
2-2: Strikes out swinging
Batting: LHB Shiro Ueno 0-0: Swinging Strike
0-1: Ball
1-1: Ball
2-1: Swinging Strike
2-2: Ball
3-2: Foul Ball, location: 2F
Balk!
Bob Martin to second
3-2: Foul Ball, location: 2F
3-2: Fly out, F8 (Flyball, 8LXD)
Top of the 3rd over - 0 run(s), 1 hit(s), 0 error(s), 1 left on base; Nassau 4 - Pocatello 0
BOTTOM OF THE 3RD
Pocatello Boccabellas batting - Pitching for Nassau Rockets : LHP Rod Adams
Batting: RHB Tomás Carranza 0-0: Swinging Strike
0-1: Ball
1-1: Ball
2-1: Fly out, F9 (Flyball, 9)
Batting: RHB Francisco Sandoval 0-0: Ball
1-0: Ball
2-0: SINGLE (Line Drive, 9S)
Batting: RHB Marlon Phipps 0-0: Called Strike
0-1: Swinging Strike
0-2: Foul Ball, location: 2F
0-2: Ball
1-2: Strikes out looking
Batting: RHB Jeremy Carr 0-0: Ball
1-0: Fly out, F9 (Flyball, 9D)
Bottom of the 3rd over - 0 run(s), 1 hit(s), 0 error(s), 1 left on base; Nassau 4 - Pocatello 0
TOP OF THE 4TH
Nassau Rockets batting - Pitching for Pocatello Boccabellas : RHP Martín Ramírez
Batting: RHB Paul Bailey 0-0: Ball
1-0: Ground out 4-3 (Groundball, 4)
Batting: LHB Rafael Delgado 0-0: DOUBLE (Line Drive, 7LM)
Batting: LHB Don Ramey 0-0: Ball
1-0: Ball
Rafael Delgado steals 3rd base
2-0: Ground out 6-3 (Groundball, 6M)
Rafael Delgado scores
Batting: RHB Salvador Borbón 0-0: Ground out 5-3 (Groundball, 56S)
Top of the 4th over - 1 run(s), 1 hit(s), 0 error(s), 0 left on base; Nassau 5 - Pocatello 0
BOTTOM OF THE 4TH
Pocatello Boccabellas batting - Pitching for Nassau Rockets : LHP Rod Adams
Batting: RHB Ernesto Acosta 0-0: Ball
1-0: Foul Ball, location: 2F
1-1: Fly out, F9 (Flyball, 9S)
Batting: LHB José Berroa 0-0: Called Strike
0-1: Ball
1-1: Foul Ball, location: 2F
1-2: Foul Ball, location: 2F
1-2: Ball
2-2: Foul Ball, location: 2F
2-2: Foul Ball, location: 2F
2-2: Strikes out swinging
Batting: RHB José Delgado 0-0: Ball
1-0: Ball
2-0: Fly out, F8 (Flyball, 89D)
Bottom of the 4th over - 0 run(s), 0 hit(s), 0 error(s), 0 left on base; Nassau 5 - Pocatello 0
TOP OF THE 5TH
Nassau Rockets batting - Pitching for Pocatello Boccabellas : RHP Martín Ramírez
Pitching: RHP Ben Cobb
Batting: SHB Howard Parker 0-0: Ball
1-0: Foul Ball, location: 2F
1-1: Ground out 6-3 (Groundball, 6)
Batting: LHB Bob Martin 0-0: Ball
1-0: Ball
2-0: Ball
3-0: Called Strike
3-1: Base on Balls
Batting: LHB Doug Thompson 0-0: Ball
1-0: Called Strike
1-1: Ball
2-1: Foul Ball, location: 2F
2-2: Foul Ball, location: 2F
2-2: Grounds into double play, 4-6-3 (Groundball, 4)
Top of the 5th over - 0 run(s), 0 hit(s), 0 error(s), 0 left on base; Nassau 5 - Pocatello 0
BOTTOM OF THE 5TH
Pocatello Boccabellas batting - Pitching for Nassau Rockets : LHP Rod Adams
Batting: SHB Nick Cox 0-0: Called Strike
0-1: Called Strike
0-2: Ball
1-2: Strikes out swinging
Batting: LHB Jim Jensen 0-0: Ground out 4-3 (Groundball, 4)
Batting: RHB Tomás Carranza 0-0: Ball
1-0: Ball
2-0: Foul Ball, location: 2F
2-1: Reached on error, E6 (Groundball, 6)
Batting: RHB Francisco Sandoval 0-0: Ball
1-0: Ball
2-0: Foul Ball, location: 2F
2-1: Foul Ball, location: 2F
2-2: SINGLE (Flyball, 89S)
Tomás Carranza to second
Tomás Carranza to third
Batting: RHB Marlon Phipps 0-0: Called Strike
0-1: Swinging Strike
0-2: Ball
1-2: Foul Ball, location: 2F
1-2: Ball
2-2: Ball
3-2: Foul Ball, location: 2F
3-2: Ground out 6-3 (Groundball, 6)
Bottom of the 5th over - 0 run(s), 1 hit(s), 1 error(s), 2 left on base; Nassau 5 - Pocatello 0
TOP OF THE 6TH
Nassau Rockets batting - Pitching for Pocatello Boccabellas : RHP Ben Cobb
Batting: LHB Wilson Allen 0-0: Swinging Strike
0-1: Foul Ball, location: 2F
0-2: Fly out, F5 (Popup, 56)
Batting: LHB Shiro Ueno 0-0: Called Strike
0-1: Ball
1-1: Ground out 4-3 (Groundball, 4S)
Batting: RHB Paul Bailey 0-0: Ball
1-0: Ground out U3 (Groundball, 34S)
Top of the 6th over - 0 run(s), 0 hit(s), 0 error(s), 0 left on base; Nassau 5 - Pocatello 0
BOTTOM OF THE 6TH
Pocatello Boccabellas batting - Pitching for Nassau Rockets : LHP Rod Adams
Batting: RHB Jeremy Carr 0-0: Swinging Strike
0-1: Foul Ball, location: 2F
0-2: Foul Ball, location: 2F
0-2: Ball
1-2: Foul Ball, location: 2F
1-2: Ball
2-2: Ball
3-2: Fly out, F8 (Flyball, 89S)
Batting: RHB Ernesto Acosta 0-0: Ball
1-0: Called Strike
1-1: Ball
2-1: Ball
3-1: SINGLE (Groundball, 4MD)
Batting: LHB José Berroa 0-0: Ball
1-0: Ball
2-0: Ground out 5-3 (Groundball, 56S)
Ernesto Acosta to second
Batting: RHB José Delgado 0-0: Foul Ball, location: 2F
0-1: Foul Ball, location: 2F
0-2: Fly out, F8 (Flyball, 8LD)
Bottom of the 6th over - 0 run(s), 1 hit(s), 0 error(s), 1 left on base; Nassau 5 - Pocatello 0
TOP OF THE 7TH
Nassau Rockets batting - Pitching for Pocatello Boccabellas : RHP Ben Cobb
Batting: LHB Rafael Delgado 0-0: Foul Ball, location: 2F
0-1: Ground out 3-1 (Groundball, 34)
Batting: LHB Don Ramey 0-0: Ball
1-0: Called Strike
1-1: Ball
2-1: Swinging Strike
2-2: Fly out, F7 (Flyball, 78D)
Batting: RHB Salvador Borbón 0-0: Ball
1-0: SOLO HOME RUN (Flyball, 78XD), Distance : 418 ft
Batting: SHB Howard Parker 0-0: Called Strike
0-1: Ball
1-1: Foul Ball, location: 2F
1-2: Foul Ball, location: 2F
1-2: Ball
2-2: Ball
3-2: Base on Balls
Batting: LHB Bob Martin 0-0: Ball
1-0: Ball
2-0: Ball
3-0: Base on Balls
Howard Parker to second
Batting: LHB Doug Thompson 0-0: Ball
1-0: Foul Ball, location: 2F
1-1: Fly out, F6 (Line Drive, 6M)
Top of the 7th over - 1 run(s), 1 hit(s), 0 error(s), 2 left on base; Nassau 6 - Pocatello 0
BOTTOM OF THE 7TH
Pocatello Boccabellas batting - Pitching for Nassau Rockets : LHP Rod Adams
Batting: SHB Nick Cox 0-0: Called Strike
0-1: Swinging Strike
0-2: Ball
1-2: Foul Ball, location: 2F
1-2: Foul Ball, location: 2F
1-2: Ball
2-2: Foul Ball, location: 2F
2-2: Ball
3-2: Foul Ball, location: 2F
3-2: Base on Balls
Pitching: RHP Nolan Baker
Batting: LHB Jim Jensen 0-0: Foul Ball, location: 2F
0-1: SINGLE (Flyball, 8LS)
Nick Cox to second
Batting: RHB Tomás Carranza 0-0: Called Strike
0-1: Ball
1-1: Ball
2-1: Ball
3-1: Base on Balls
Nick Cox to third
Jim Jensen to second
Batting: RHB Francisco Sandoval 0-0: Fly out, F8 (Flyball, 89D)
Runner from 3rd tags up, SCORES, no throw
Batting: RHB Marlon Phipps 0-0: Called Strike
0-1: Swinging Strike
0-2: Ball
1-2: Ball
2-2: Foul Ball, location: 2F
2-2: Strikes out swinging
Batting: RHB Jeremy Carr 0-0: Ball
1-0: Ball
2-0: Ball
3-0: Called Strike
3-1: Foul Ball, location: 2F
3-2: SINGLE (Groundball, 6MD)
Jim Jensen to third
Tomás Carranza to second
Jim Jensen scores
Tomás Carranza to third
Batting: RHB Ernesto Acosta 0-0: Ball
1-0: Fielders Choice at 2nd, 5-4 (Groundball, 5L)
Bottom of the 7th over - 2 run(s), 2 hit(s), 0 error(s), 1 left on base; Nassau 6 - Pocatello 2
TOP OF THE 8TH
Nassau Rockets batting - Pitching for Pocatello Boccabellas : RHP Ben Cobb
Pitching: LHP Mark Murchison
Batting: LHB Wilson Allen 0-0: Ball
1-0: Fly out, F8 (Flyball, 78M)
Batting: LHB Shiro Ueno 0-0: Foul Ball, location: 2F
0-1: Swinging Strike
0-2: Strikes out swinging
Batting: RHB Paul Bailey 0-0: Swinging Strike
0-1: Ball
1-1: Ground out 5-3 (Groundball, 5L)
Top of the 8th over - 0 run(s), 0 hit(s), 0 error(s), 0 left on base; Nassau 6 - Pocatello 2
BOTTOM OF THE 8TH
Pocatello Boccabellas batting - Pitching for Nassau Rockets : RHP Nolan Baker
Batting: LHB José Berroa 0-0: Called Strike
0-1: Foul Ball, location: 2F
0-2: SINGLE (Line Drive, 89S)
Batting: RHB José Delgado 0-0: Ball
1-0: Called Strike
1-1: Ball
2-1: Ball
3-1: Foul Ball, location: 2F
3-2: SINGLE (Line Drive, 9LS)
José Berroa to second
Batting: SHB Nick Cox 0-0: Called Strike
0-1: Swinging Strike
0-2: Foul Ball, location: 2F
0-2: Ball
1-2: Strikes out swinging
Batting: LHB Jim Jensen 0-0: Ball
1-0: Called Strike
1-1: Ball
2-1: Ball
3-1: Swinging Strike
3-2: Foul Ball, location: 2F
3-2: Fielders Choice at 2nd, 3-6 (Groundball, 34)
José Berroa to third
Batting: RHB Tomás Carranza 0-0: Ball
1-0: Called Strike
1-1: Called Strike
1-2: Strikes out swinging
Bottom of the 8th over - 0 run(s), 2 hit(s), 0 error(s), 2 left on base; Nassau 6 - Pocatello 2
TOP OF THE 9TH
Nassau Rockets batting - Pitching for Pocatello Boccabellas : LHP Mark Murchison
Batting: LHB Rafael Delgado 0-0: Ball
1-0: Called Strike
1-1: Ball
2-1: Called Strike
2-2: Foul Ball, location: 2F
2-2: Strikes out looking
Batting: LHB Don Ramey 0-0: Ball
1-0: Called Strike
1-1: Ball
2-1: SINGLE (Groundball, 25) (infield hit)
Batting: RHB Salvador Borbón 0-0: Called Strike
0-1: Ball
1-1: SINGLE (Line Drive, 8RS)
Don Ramey to second
Batting: SHB Howard Parker 0-0: Ground out U3 (Groundball, 34S)
Don Ramey to third
Salvador Borbón to second
Batting: LHB Bob Martin 0-0: Called Strike
0-1: Ground out 3-1 (Groundball, 34)
Top of the 9th over - 0 run(s), 2 hit(s), 0 error(s), 2 left on base; Nassau 6 - Pocatello 2
BOTTOM OF THE 9TH
Pocatello Boccabellas batting - Pitching for Nassau Rockets : RHP Nolan Baker
Batting: RHB Francisco Sandoval 0-0: Called Strike
0-1: Ball
1-1: Foul Ball, location: 2F
1-2: Foul Ball, location: 2F
1-2: Ball
2-2: Ball
3-2: Ground out 5-3 (Groundball, 56)
Batting: RHB Marlon Phipps 0-0: Called Strike
0-1: Foul Ball, location: 2F
0-2: Strikes out swinging
Batting: RHB Jeremy Carr 0-0: Foul Ball, location: 2F
0-1: Swinging Strike
0-2: Strikes out swinging
Bottom of the 9th over - 0 run(s), 0 hit(s), 0 error(s), 0 left on base; Nassau 6 - Pocatello 2
Tuesday, August 8th, 2017 - OOTP Baseball 17.12 Build 75